 Dungeon Crawl Stone Soup version 0.22.1-1-ga44c0e5 (webtiles) character file.

898 Fang the Chopper (level 8, -3/49 HPs)
             Began as a Gargoyle Berserker on Oct 16, 2018.
             Was a Priest of Trog.
             Slain by a soldier ant (7 damage)
             ... on level 8 of the Dungeon on Oct 17, 2018.
             The game lasted 00:08:57 (5000 turns).

Fang the Chopper (Gargoyle Berserker)               Turns: 5000, Time: 00:08:58

Health: -3/49      AC: 10    Str: 24    XL:     8   Next: 7%
Magic:  8/8        EV: 13    Int:  7    God:    Trog [***...]
Gold:   274        SH:  0    Dex: 11    Spells: 7/7 levels left

rFire    . . .     SeeInvis .   a - +0 hand axe
rCold    . . .     Gourm    .   (no shield)
rNeg     + . .     Faith    .   b - +0 animal skin
rPois    ∞         Spirit   .   (no helmet)
rElec    +         Reflect  .   (no cloak)
rCorr    .         Harm     .   p - +2 pair of gloves
MR       .....                  (no boots)
Stlth    +++.......             s - amulet of the acrobat
HPRegen  0.16/turn              f - ring of stealth
MPRegen  0.11/turn              k - +2 ring of dexterity

@: berserk cooldown, slowed, very slow
A: negative energy resistance 1, electricity resistance, unbreathing,
petrification resistance, rot immunity, AC +5
a: Berserk, Trog's Hand, Renounce Religion


You were on level 8 of the Dungeon.
You worshipped Trog.
Trog was most pleased with you.
You were near starving.

You visited 1 branch of the dungeon, and saw 6 of its levels.

You collected 274 gold pieces.

Inventory:

Hand Weapons
 a - a +0 hand axe (weapon)
Armour
 b - a +0 animal skin (worn)
 p - a +2 pair of gloves (worn)
Jewellery
 f - a ring of stealth (left hand)
 k - a +2 ring of dexterity (right hand)
 s - an amulet of the acrobat (around neck)
 x - an uncursed ring of flight {unknown}
Wands
 u - a wand of acid (14)
 z - a wand of polymorph (18)
 B - a wand of digging (14)
Scrolls
 d - 3 scrolls of remove curse {unknown}
 g - 2 scrolls of identify {unknown}
 h - 3 scrolls of fog {unknown}
 i - a scroll of blinking {unknown}
 j - 2 scrolls of teleportation {unknown}
 m - 2 scrolls of enchant weapon {unknown}
 o - a scroll of enchant armour {unknown}
 v - a scroll of amnesia {unknown}
 y - 2 scrolls of noise {unknown}
Potions
 e - a potion of mutation {unknown}
 l - a potion of magic {unknown}
 n - 2 potions of curing {unknown}
 q - a potion of invisibility {unknown}
 r - a potion of berserk rage {unknown}
 t - a potion of ambrosia {unknown}
 w - a potion of haste {unknown}
Comestibles
 c - 5 rations
 A - 3 chunks of flesh


   Skills:
 + Level 5.2 Fighting
 + Level 6.1 Axes
 + Level 2.2 Armour
 + Level 4.0 Dodging
 + Level 3.2 Stealth


You had 7 spell levels left.
You didn't know any spells.
Your spell library was empty.

Dungeon Overview and Level Annotations

Branches:
Dungeon (5/15)
 Temple: D:4-7

Altars:
Dithmenos
Zin


Innate Abilities, Weirdness & Mutations

You are resistant to torment.
Your stone body is resilient. (AC +5)
You are immune to poison.
You resist negative energy. (rN+)
You are resistant to electric shocks. (rElec)
You can survive without breathing.
You are immune to petrification.
You are immune to rotting.


Message History

You hit the howler monkey but do no damage.
The howler monkey is heavily wounded.
You hit the howler monkey but do no damage.
You hit the soldier ant but do no damage.
You hit the howler monkey.
The howler monkey hits you but does no damage.
The howler monkey misses you. The howler monkey closely misses you.
The soldier ant barely misses you. The howler monkey misses you.
The howler monkey hits you.
* * * LOW HITPOINT WARNING * * *
The howler monkey hits you but does no damage.
Okay, then.
You barely miss the howler monkey.
The howler monkey is heavily wounded.
You hit the howler monkey.
You hit the soldier ant but do no damage.
You barely miss the howler monkey. The howler monkey barely misses you.
The soldier ant waves its antennae.
The soldier ant stings you!
You die...

.... .....
....################
..................#
#....÷.........#
##.............#
######..############
......ha.....!.
#######@####.##
#..hh.# #.##..# #.
.... # ..##. #.# #
.. ..#


You could see a soldier ant and 3 howler monkeys.

Vanquished Creatures
  A wyvern (D:8)
  A sky beast (D:8)
  A bullfrog (D:4)
  A scorpion (D:5)
  A howler monkey (D:8)
  2 crimson imps
  4 orc priests
  An orc wizard (D:4)
  An iguana (D:4)
  2 worker ants (D:4)
  7 gnolls
  2 adders
  A shadow imp (D:5)
  An ooze (D:3)
  4 worms
  3 dart slugs
  4 leopard geckos
  9 orcs
  2 giant cockroaches
  4 goblins
  10 hobgoblins
  10 jackals
  9 kobolds
  A ball python (D:3)
  7 bats
  5 frilled lizards
  10 rats
104 creatures vanquished.

Notes
Turn   | Place    | Note
-------+----------+-------------------------------------------
     0 | D:1      | Fang the Gargoyle Berserker began the quest for the Orb.
     0 | D:1      | Reached XP level 1. HP: 14/14 MP: 1/1
   166 | D:1      | Reached skill level 3 in Axes
   166 | D:1      | Reached XP level 2. HP: 19/19 MP: 2/2
   939 | D:1      | Reached XP level 3. HP: 16/24 MP: 3/3
  1204 | D:1      | Reached ** piety under Trog
  1424 | D:2      | Reached XP level 4. HP: 29/29 MP: 4/4
  1684 | D:2      | Reached skill level 1 in Stealth
  2408 | D:3      | Reached skill level 4 in Axes
  2537 | D:3      | Reached XP level 5. HP: 27/33 MP: 5/5
  3327 | D:3      | Found a glowing silver altar of Zin.
  3439 | D:3      | Reached *** piety under Trog
  3636 | D:4      | Reached XP level 6. HP: 39/39 MP: 6/6
  4135 | D:4      | Reached skill level 5 in Axes
  4138 | D:4      | Reached XP level 7. HP: 43/44 MP: 7/7
  4436 | D:4      | Found a shadowy altar of Dithmenos.
  4505 | D:5      | Entered Level 5 of the Dungeon
  4876 | D:5      | You fall through a shaft for 3 floors!
  4881 | D:8      | Noticed a wyvern
  4893 | D:8      | HP: 2/66 [wyvern (12)]
  4894 | D:8      | Killed a wyvern
  4894 | D:8      | Reached skill level 5 in Fighting
  4905 | D:8      | Noticed a soldier ant
  4984 | D:8      | Reached skill level 6 in Axes
  4984 | D:8      | Reached XP level 8. HP: 12/49 MP: 8/8
  5000 | D:8      | Slain by a soldier ant

Skill      XL: |  1  2  3  4  5  6  7  8 |
---------------+-------------------------+-----
Axes           | 3 4 5 6 |  6.1
Fighting       | 4 5 |  5.2
Dodging        | 2 3 4 |  4.0
Stealth        | 1 2 3 |  3.2
Armour         | |  2.2

Action                   |  1- 3 |  4- 6 |  7- 9 || total
-------------------------+-------+-------+-------++-------
Melee: Hand axe          |   106 |   213 |   130 ||   449
Invok: Berserk           |     2 |     3 |     2 ||     7
 Stab: Sleeping          |     1 |     3 |     1 ||     5
  Eat: Chunk             |     2 |    12 |     4 ||    18
Armor: Animal skin       |    28 |    76 |    46 ||   150
Dodge: Dodged            |    88 |   152 |    94 ||   334
